 Dungeon Crawl Stone Soup version 0.31-a0-149-g3fdcc5976a (webtiles) character file.

Game seed: 1168266468926694805

1417769 Pooter the Axe Maniac (level 27, 266/266 HPs)
             Began as a Minotaur Berserker on June 5, 2023.
             Was an Elder of Trog.
             Escaped with the Orb
             ... and 3 runes on June 7, 2023!
             The game lasted 08:14:19 (110267 turns).

Pooter the Axe Maniac (Minotaur Berserker)        Turns: 110267, Time: 08:14:20

Health: 266/266    AC: 37    Str: 35    XL:     27
Magic:  22/22      EV: 21    Int:  6    God:    Trog [****..]
Gold:   5523       SH:  5    Dex: 20    Spells: 26/26 levels left

rFire   + + .        a - +8 executioner's axe (heavy)
rCold   + + .        (shield currently unavailable)
rNeg    . . .        S - +9 plate armour "Guepn" {rF+ SInv}
rPois   +            M - +2 hat {Will+}
rElec   .            G - +0 cloak of Sorcery {Regen+ Dex+3 Slay+3}
rCorr   +            Y - +2 pair of gloves {Dex+3}
SInv    +            h - +0 pair of boots of Uskayaw's Inspiration {Slay+2}
Will    ++...        L - amulet of reflection
Stlth   +            F - ring of Offoloq {rF+ rCorr Str+3 Int-4 SInv}
HPRegen 1.44/turn    Z - ring of the Queen {rPois rC++ Will- rCorr Str+6}
MPRegen 0.18/turn

%: reflection
@: studying Shields
A: horns 2, retaliatory headbutt, iridescent scales 1, deformed body,
deterioration 2, mutation resistance 1, screaming 1
0: Orb of Zot
}: 3/15 runes: barnacled, silver, gossamer
a: Renounce Religion, Berserk, Trog's Hand, Brothers in Arms


You escaped.
You worshipped Trog.
Trog was greatly pleased with you.
You visited 12 branches of the dungeon, and saw 52 of its levels.
You visited 1 ziggurat, and saw 10 of its levels.
You also visited: Bailey, Gauntlet, Ice Cave and Volcano.

You collected 10789 gold pieces.
You spent 5266 gold pieces at shops.

Inventory:

Hand Weapons
 a - a +8 heavy executioner's axe (weapon)
   (Trog gifted it to you on level 14 of the Dungeon)
 b - a +7 heavy arbalest
   (You found it on level 3 of the Dungeon)
Missiles
 y - 9 datura-tipped darts
 B - 49 boomerangs (quivered)
 H - 10 silver javelins
 J - 24 curare-tipped darts
 N - 19 javelins
 X - 7 silver boomerangs
Armour
 h - the +0 pair of boots of Uskayaw's Inspiration (worn) {Slay+2}
   (You found it on level 4 of the Spider Nest)

   Slay:      It affects your accuracy & damage with ranged weapons and melee
   (+2).
 G - the +0 cloak of Sorcery (worn) {Regen+ Dex+3 Slay+3}
   (You found it on level 10 of the Dungeon)

   Dex:       It affects your dexterity (+3).
   Slay:      It affects your accuracy & damage with ranged weapons and melee
   (+3).
   Regen:     It increases your rate of health regeneration.
 M - a +2 hat of willpower (worn)
   (You found it on level 4 of the Spider Nest)
 S - the +9 plate armour "Guepn" (worn) {rF+ SInv}
   (You found it on level 4 of the Vaults)

   rF:        It protects you from fire.
   SInv:      It lets you see invisible.
 T - a scarf of invisibility
   (You found it on level 2 of the Realm of Zot)
 U - the +13 crystal plate armour of the Dolphin {Rampage rC+ Will+ Str-5}
   (You acquired it on level 1 of the Vaults)

   Str:       It affects your strength (-5).
   rC:        It protects you from cold.
   Rampage:   It bestows one free step when moving towards enemies.
   Will:      It increases your willpower.
 Y - a +2 pair of gloves of dexterity (worn)
   (You found it in a Gauntlet)
Jewellery
 c - an amulet of regeneration
   (You found it on level 1 of the Spider Nest)
 r - the ring of Lomnava {rN+ Will+ Str+6 Int-2}
   (You found it on level 4 of the Depths)

   [ring of strength]

   Str:       It affects your strength (+6).
   Int:       It affects your intelligence (-2).
   rN:        It protects you from negative energy.
   Will:      It increases your willpower.
 E - a ring of protection from fire
   (You found it in a Gauntlet)
 F - the ring of Offoloq (left hand) {rF+ rCorr Str+3 Int-4 SInv}
   (You took it off a deep elf elementalist on level 3 of the Elven Halls)

   [ring of resist corrosion]

   Str:       It affects your strength (+3).
   Int:       It affects your intelligence (-4).
   rF:        It protects you from fire.
   SInv:      It lets you see invisible.
   rCorr:     It protects you from acid and corrosion.
 L - an amulet of reflection (around neck)
   (You bought it in a shop on level 2 of the Orcish Mines)
 O - a ring of protection from cold
   (You found it on level 9 of the Dungeon)
 Z - the ring of the Queen (right hand) {rPois rC++ Will- rCorr Str+6}
   (You took it off a minotaur in a Gauntlet)

   [ring of strength]

   Str:       It affects your strength (+6).
   rC:        It greatly protects you from cold.
   rPois:     It protects you from poison.
   rCorr:     It protects you from acid and corrosion.
   Will:      It decreases your willpower.
Wands
 d - a wand of iceblast (42)
   (You found it on level 6 of the Dungeon)
 m - a wand of light (11)
   (You found it on level 3 of the Elven Halls)
 u - a wand of paralysis (67)
   (You found it on level 6 of the Dungeon)
 x - a wand of polymorph (56)
   (You took it off Dowan on level 6 of the Dungeon)
 D - a wand of digging (2)
   (You found it on level 8 of the Dungeon)
 W - a wand of mindburst (42)
   (You found it on level 12 of the Dungeon)
Scrolls
 e - 3 scrolls of fear
 i - a scroll of summoning
 j - 4 scrolls of brand weapon
 l - 10 scrolls of blinking
 n - 10 scrolls of immolation {!r}
 p - 9 scrolls of fog
 t - 7 scrolls of teleportation {@r4}
 v - 8 scrolls of magic mapping
 w - 2 scrolls of silence
 V - 7 scrolls of poison {!r}
Potions
 g - 5 potions of haste {@q3}
 k - 9 potions of heal wounds {@q2}
 o - a potion of cancellation
 q - 4 potions of enlightenment
 s - 27 potions of curing {@q1}
 z - 3 potions of invisibility
 A - 13 potions of attraction {!q}
 C - 5 potions of might
 K - 7 potions of mutation {!q}
 R - a potion of resistance
Miscellaneous
 f - the horn of Geryon
   (You took it off Geryon in the Vestibule of Hell)
 I - a phantom mirror
   (You found it on level 3 of the Spider Nest)
 P - a box of beasts
   (You bought it in a shop on level 11 of the Dungeon)
 Q - a tin of tremorstones (2/2)
   (You found it on level 1 of the Spider Nest)


   Skills:
 + Level 25.5 Fighting
 O Level 27 Axes
 * Level 23.1 Ranged Weapons
 - Level 15.0 Throwing
 - Level 24.0 Armour
 + Level 18.0 Dodging
 + Level 15.6 Stealth
 + Level 18.6 Evocations


You had 26 spell levels left.
You didn't know any spells.
Your spell library was empty.

Dungeon Overview and Level Annotations

Branches:
Dungeon (15/15)            Temple (0/1) D:5            Lair (5/5) D:8
 Shoals (4/4) Lair:3       Spider (4/4) Lair:3        Slime (0/5) Lair:4
    Orc (2/2) D:12            Elf (3/3) Orc:2        Vaults (5/5) D:14
  Crypt (3/3) Vaults:3       Tomb (1/3) Crypt:3      Depths (4/4) D:15
   Hell (visited)             Dis (0/7) Hell            Geh (0/7) Hell
    Coc (0/7) Hell            Tar (0/7) Hell            Zot (5/5) Depths:4
 Bailey (visited)           IceCv (visited)         Volcano (visited)
Gauntlet (visited)

Altars:
Dithmenos
Fedhas
Makhleb
Nemelex Xobeh
Qazlal
Ru
Sif Muna
Trog
Uskayaw
Xom
Yredelemnul
The Shining One
Lugonu

Shops:
D:11 *   D:12 :   Orc:2 *(?=*   Elf:1 *   Shoals:1 [   Vaults:1 (?[
Vaults:3 =?**:   Vaults:4 :   Vaults:5 !=   Depths:1 :   Depths:4 =?

Portals:
Hell: Depths:1 Depths:2 Depths:3 Depths:4
Abyss: Lair:5 Depths:3
Pandemonium: Orc:2 Depths:2 Depths:4

Annotations:
Elf:2 3 runed translucent doors
Zot:1 6 transporters, Kawoqao's ghost, legendary MiBe


Innate Abilities, Weirdness & Mutations

You have a pair of horns on your head.
You reflexively headbutt those who attack you in melee.
You are partially covered in iridescent scales. (AC +2)
Armour fits poorly on your strangely shaped body.
Your body often deteriorates upon taking damage.
You are somewhat resistant to further mutation.
You occasionally shout uncontrollably at your foes.


Message History

There is a stone staircase leading up here.
You climb upwards.
There is a stone staircase leading down here.
A seraph, a daeva and 2 angels come into view.
The seraph is wielding a +7 great sword of flaming.
An angel is wielding a +3 whip of holy wrath.
The daeva is wielding a +4 eudemon blade of holy wrath.
An angel is wielding a +2 whip of holy wrath.
Your skin crawls.
You feel strong-willed.
The angel shouts!
The daeva shouts!
The seraph gestures.
The seraph begins to accept its allies' injuries.
The daeva calls down the wrath of the Shining One upon you.
The Shining One smites you!
The daeva calls down the wrath of the Shining One upon you.
The Shining One smites you! The angel hits you but does no damage.
The angel completely misses you.
The angel hits you but does no damage. x2
The seraph attacks as you move away!
The seraph hits you but does no damage. x2
The seraph gestures.
The angel attacks as you move away!
The angel hits you with a +3 whip of holy wrath!
The angel misses you.
The daeva dissolves into sparkling lights!
The seraph gestures.
The seraph begins to accept its allies' injuries.
The angel hits you but does no damage. x4
The angel hits you with a +2 whip of holy wrath.
The angel hits you but does no damage.
Press: ? - help, Shift-Dir - straight line A rock wall.
This square is lit by a halo and is covered in magical glow.
The rock shatters into small pieces.
The angel hits you but does no damage. The angel barely misses you.
Blink to where?
Press: ? - help, Dir - move target
As you read the scroll of blinking, it crumbles to dust.
Blink to where?
Press: ? - help, Dir - move target
As you read the scroll of blinking, it crumbles to dust.
You climb upwards.
There is a stone staircase leading down here.
You enter the shallow water.
Moving in this stuff is going to be slow.
You feel the effects of Trog's Hand fading.
There is an open door here.
Your skin stops crawling.
You feel less strong-willed.
There is an open door here.
There is an open door here.
There is an open door here.
There is an open door here.
There is a staircase leading out of the dungeon here.
You have escaped!

# ##...#...§......######.#..#.#.#
##♣....#.......#### #........#
.#♣.###PP.....P# #.#..#.#.#
##♣♣♣PP#PP...##♣ #.#..#....
.####♣PP♣#♣♣#♣ #.#..#####
##.############### #.#.......
.................# #.#.######
##.#..############ #.#.†.....
......# #@# #.######## ##....#
###.### #.# # #....# #.+.'.# #.#
# ##....# ###.###.### #.# ##
.[....# #.'#'.+#'.# #.# #P
##.#..# ###.###.###.###.#######P
#.#..# #.'#+.+#'.+#'.#.........
##.#..####.###.###.###.#########~
.......#.'#+.'#'.+#'.+#'.# #.


There were no monsters in sight!

Vanquished Creatures
  3 ancient liches
  Mara (Spider:4)
  9 orbs of fire
  Mennas (Vaults:4)
  A juggernaut (Depths:4)
  Sojobo (Depths:4)
  Frederick (Vaults:4)
  Saint Roka (Depths:2)
  5 Killer Klowns
  Bai Suzhen (Depths:1)
  2 caustic shrikes (Depths:4)
  A curse toe (Zot:4)
  Nikola (Depths:1)
  7 golden dragons
  Geryon (Hell)
  4 pandemonium lords
  5 bone dragons
  The ghost of Hyrrirob the Devastator, a veteran GrEE of Lugonu (Crypt:1)
  2 profane servitors (Crypt:3)
  5 electric golems
  A shard shrike zombie (Crypt:3)
  2 iron giants (Zig:7)
  A Tzitzimitl (Zig:6)
  Jorgrun (D:12)
  22 tentacled monstrosities
  Mlioglotl (Shoals:4)
  A tainted leviathan (Hell)
  29 Orb Guardians
  11 quicksilver dragons
  6 titans
  5 liches
  3 deep elf blademasters (Elf:3)
  A deep elf master archer (Elf:3)
  Asterion (Spider:4)
  A walking frostbound tome (Depths:3)
  3 ancient champions
  6 death cobs
  Frances (D:13)
  11 sphinxes
  2 krakens
  3 tengu reavers
  Agnes (D:15)
  A tentacled starspawn (Zig:9)
  15 storm dragons
  Roxanne (Elf:2)
  Kirke (Shoals:4)
  4 draconian monks
  2 revenants
  11 shadow dragons
  A daeva (Zig:2)
  11 fire giants
  5 emperor scorpions
  5 draconian knights
  10 frost giants
  6 iron dragons
  19 vault wardens
  7 deep elf sorcerers
  A caustic shrike zombie (Crypt:3)
  A ghost moth (shapeshifter) (Vaults:5)
  9 draconian scorchers
  8 ghost moths
  6 draconian shifters
  Louise (Spider:2)
  5 balrugs
  2 juggernaut zombies
  3 deep elf elementalists (Elf:3)
  5 draconian stormcallers
  4 spriggan defenders (Depths:4)
  2 orc warlords
  A quicksilver ooze (shapeshifter) (Depths:3)
  7 reapers
  6 curse skulls
  14 very ugly things
  A broodmother (Spider:4)
  2 formless jellyfish
  12 ghouls
  18 ironbound preservers
  23 stone giants
  8 draconian annihilators
  A juggernaut skeleton (Crypt:2)
  8 green draconians
  An ophan (Zig:2)
  5 ironbound thunderhulks
  6 vampire knights
  5 black draconians
  Nessos (Lair:3)
  10 purple draconians
  Azrael (Spider:2)
  9 deep elf annihilators
  7 white draconians
  7 putrid mouths
  The ghost of Zonian the Grappler, a journeyman TrFi of Wu Jian (Lair:2)
  A minotaur (Gauntlet)
  7 deep elf demonologists
  4 dire elephants (Vaults:1)
  10 red draconians
  18 spark wasps
  6 yellow draconians
  4 iron golems (Hell)
  The ghost of Starbright the Destroyer, a journeyman OpCj of Vehumet (Lair:2)
  10 eidola
  7 deep elf death magi
  A quicksilver dragon zombie (Hell)
  8 ettins
  4 entropy weavers
  A crystal guardian (Hell)
  3 mummy priests
  4 merfolk javelineers
  10 yaktaur captains
  A blizzard demon (Gauntlet)
  11 merfolk impalers
  6 great orbs of eyes
  4 jiangshi
  An entropy weaver (shapeshifter) (Depths:2)
  Harold (Orc:2)
  Fannar (Orc:1)
  3 salamander tyrants (Zig:8)
  A spriggan zombie (Crypt:1)
  8 deep elf high priests
  16 fire dragons
  2 rakshasas
  2 caustic shrike simulacra (IceCv)
  9 ice dragons
  40 vault guards
  3 hydras
  7 spriggan air magi
  2 jorogumos
  3 ogre magi (Vaults:5)
  2 demonspawn (Orc:2)
  An anaconda (shapeshifter) (Depths:4)
  4 merfolk avatars
  5 radroaches
  A boulder beetle (shapeshifter) (Vaults:5)
  17 centaur warriors
  2 alligator snapping turtles (Shoals:4)
  6 merfolk aquamancers
  2 catoblepae
  20 dancing weapons
  A hell beast (Hell)
  6 ironbound frosthearts
  6 boulder beetles
  3 death knights
  2 satyrs (Shoals:3)
  An anaconda (Zig:8)
  7 two-headed ogres
  6 death yaks
  11 deep troll shamans
  A death scarab (Zig:3)
  A two-headed ogre (shapeshifter) (Zig:10)
  A tengu warrior (Depths:4)
  17 demonic crawlers
  9 deep troll earth magi
  3 thrashing horrors (Lair:5)
  3 hell hogs
  9 vampire magi
  Sonja (Lair:4)
  5 soul eaters
  2 titan zombies (Crypt:3)
  A shock serpent (shapeshifter) (Depths:2)
  17 hell knights
  6 orc high priests (Orc:2)
  A crystal echidna (Hell)
  10 sun demons
  11 deep elf knights
  A naga sharpshooter (Zig:8)
  Amaemon (Lair:1)
  6 spriggan berserkers
  A fire crab (shapeshifter) (Depths:2)
  11 iron trolls
  11 pharaoh ants
  A golden dragon zombie (Hell)
  Lodul (D:14)
  A quicksilver dragon simulacrum (Vaults:2)
  3 skysharks
  The ghost of billz9 the Geomancer, a novice GrEE of Vehumet (D:8)
  5 sun moths
  A ghost moth zombie (Crypt:2)
  A shadow wraith (Crypt:2)
  41 skeletal warriors
  8 sea snakes
  7 flayed ghosts
  4 glowing orange brains
  9 orb spiders
  3 bunyip zombies
  11 deep elf archers
  2 storm dragon skeletons (Hell)
  2 anaconda zombies
  The ghost of Frost42 the Trooper, a novice MiGl of Makhleb (D:6)
  A bog body (Crypt:2)
  5 lindwurms (Vaults:2)
  5 steelbarb worms
  14 necromancers
  75 deep trolls
  12 harpies
  4 orange crystal statues
  26 phantasmal warriors
  18 ironbound convokers
  17 deep elf zephyrmancers
  5 orc knights
  A wolf spider zombie (D:15)
  15 manticores
  11 wizards
  A wolf spider (shapeshifter) (Vaults:5)
  2 shadow dragon zombies (Crypt:3)
  22 cyclopes
  A steelbarb worm (shapeshifter) (Depths:2)
  32 ugly things
  26 deep elf pyromancers
  11 fauns
  6 orc sorcerers
  A jorogumo skeleton (Crypt:2)
  21 wolf spiders
  A salamander (Zig:8)
  2 stone giant zombies
  5 elephants (Lair:1)
  7 merfolk sirens
  A stone giant skeleton (Depths:1)
  2 centaur zombies
  A frost giant skeleton (Vaults:2)
  2 guardian serpents (Zig:8)
  10 black mambas
  A fire giant skeleton (Depths:1)
  A naga zombie (Crypt:3)
  5 smoke demons
  26 moths of wrath
  24 vault sentinels
  2 guardian serpents (shapeshifter)
  2 human skeletons
  An alligator snapping turtle zombie (Hell)
  13 water nymphs
  A black mamba (shapeshifter) (Depths:2)
  2 molten gargoyles (Hell)
  13 cane toads
  A yaktaur zombie (Vaults:4)
  2 naga magi
  4 torpor snails
  2 apocalypse crabs
  A hellion (Hell)
  2 centaur skeletons (D:15)
  2 orange demons
  A torpor snail (shapeshifter) (Depths:2)
  A naga skeleton (Hell)
  A grey draconian zombie (Crypt:1)
  A human zombie (Vaults:4)
  4 kobold demonologists
  A pale draconian zombie (Crypt:1)
  A bunyip simulacrum (Hell)
  2 anaconda simulacra (IceCv)
  3 rime drakes
  9 freezing wraiths
  11 komodo dragons
  A sea snake skeleton (Hell)
  8 ice devils
  15 yaktaurs
  A tengu conjurer (D:14)
  An ancient zyme (Lair:5)
  A silent spectre (Vaults:4)
  A golden dragon simulacrum (IceCv)
  A harpy zombie (Crypt:1)
  A queen bee (shapeshifter) (D:13)
  6 trolls
  A minotaur skeleton (Crypt:2)
  6 guardian mummies
  27 merfolk
  2 wind drakes (shapeshifter)
  A hydra zombie (Hell)
  9 hornets
  A hydra skeleton (Hell)
  8 wind drakes (Shoals:4)
  9 snapping turtles
  2 raiju
  2 tarantellas (shapeshifter)
  35 tarantellas
  11 blink frogs
  Prince Ribbit (D:6)
  15 dream sheep
  An ettin zombie (Crypt:3)
  A blink frog (shapeshifter) (D:13)
  2 alligator skeletons (Hell)
  An elf zombie (Vaults:4)
  26 jumping spiders
  10 flying skulls
  5 spriggans
  A jumping spider (shapeshifter) (Zig:10)
  A black mamba zombie (Crypt:3)
  11 wraiths
  23 culicivoras
  8 air elementals (Shoals:4)
  14 slime creatures
  3 shadows
  5 ynoxinuls
  18 water elementals
  2 dire elephant simulacra (IceCv)
  41 yaks
  4 vampires
  5 fire elementals
  2 ushabtiu (Tomb:1)
  7 wyverns
  A hog (shapeshifter) (Vaults:5)
  10 basilisks
  A black mamba skeleton (Crypt:2)
  An alligator snapping turtle simulacrum (Hell)
  Eustachio (D:6)
  3 hogs (Shoals:4)
  10 vampire mosquitoes
  6 steam dragons
  55 redbacks
  An elf simulacrum (Vaults:2)
  5 chaos spawn
  A neqoxec (Zig:9)
  7 large abominations
  A water nymph zombie (Crypt:1)
  A swamp worm (shapeshifter) (Depths:3)
  A naga (shapeshifter) (Depths:2)
  2 wargs
  4 acid dragons
  A glowing shapeshifter zombie (Vaults:4)
  4 hydra simulacra
  A faun zombie (Crypt:2)
  A two-headed ogre zombie (Crypt:3)
  Duvessa (D:6)
  22 water moccasins
  13 hell hounds
  A water moccasin (shapeshifter) (Depths:2)
  2 floating eyes (Depths:4)
  A swamp drake (shapeshifter) (Vaults:5)
  A sky beast (D:7)
  A swamp drake (D:12)
  An ice beast (D:6)
  40 orc warriors
  2 black bears (D:8)
  2 alligator simulacra (IceCv)
  3 ettin simulacra (IceCv)
  11 ogres
  A spriggan simulacrum (Depths:1)
  8 wolves
  3 centaurs
  3 boggarts (D:15)
  A swamp dragon skeleton (Hell)
  2 phantoms
  12 kobold brigands
  2 gnoll sergeants
  12 bullfrogs
  14 necrophages
  4 earth elementals
  4 scorpions
  10 small abominations
  10 wyvern skeletons
  Dowan (D:6)
  10 wights (D:7)
  12 killer bees
  2 lindwurm simulacra (IceCv)
  2 howler monkeys
  7 electric eels
  4 hounds
  4 jellies
  27 orc priests
  Crazy Yiuf (D:7)
  3 gnoll boudas
  20 orc wizards
  A deep dwarf zombie (Crypt:2)
  An ogre skeleton (Crypt:1)
  A boggart simulacrum (D:15)
  A hound skeleton (Crypt:1)
  10 mummies
  Robin (D:2)
  21 gnolls
  11 adders
  A steam dragon skeleton (Crypt:2)
  2 white imps
  An ufetubus (D:6)
  An iguana zombie (Crypt:1)
  A lava snake zombie (Crypt:1)
  4 worms
  2 dart slugs
  80 orcs
  11 ball pythons
  3 bats
  A bat zombie (Crypt:2)
  8 endoplasms
  6 giant cockroaches
  16 goblins
  14 hobgoblins
  7 jackals
  37 kobolds
  6 quokkas
  A bat (shapeshifter) (Vaults:5)
  A dart slug zombie (Crypt:1)
  3 frilled lizards (D:1)
  An orc skeleton (Crypt:1)
  7 rats
  A spectral orc (D:3)
  4 spectral weapons
  A starspawn tentacle (Zig:9)
  4 tentacles
2549 creatures vanquished.

Vanquished Creatures (collateral kills)
  Margery (Vaults:4)
  2 doom hounds (Zig:6)
  A tainted leviathan (Zig:6)
  An ironbound preserver (Vaults:4)
  A reaper (Zig:6)
  A formless jellyfish (Vaults:4)
7 creatures vanquished.

Vanquished Creatures (others)
  A tengu reaver (Depths:4)
  A deep elf sorcerer (Elf:3)
  A deep elf knight (Elf:1)
  An orc sorcerer (Orc:2)
  A water elemental (Elf:2)
  3 orc warriors
  An orc priest (Orc:2)
  An orc (Depths:4)
  3 ball lightnings (Elf:2)
  2 starspawn tentacles (Zig:9)
  5 tentacles
20 creatures vanquished.

Grand Total: 2576 creatures vanquished

Notes
Turn   | Place    | Note
-------+----------+-------------------------------------------
     0 | D:1      | Pooter the Minotaur Berserker began the quest for the Orb.
     0 | D:1      | Reached XP level 1. HP: 19/19 MP: 0/0
    77 | D:1      | Reached XP level 2. HP: 20/27 MP: 1/1
   124 | D:1      | Reached skill level 4 in Axes
   220 | D:1      | Reached skill level 1 in Stealth
   390 | D:1      | Reached ** piety under Trog
   461 | D:1      | Reached XP level 3. HP: 33/33 MP: 2/2
  1194 | D:2      | Noticed Robin
  1198 | D:2      | Killed Robin
  1199 | D:2      | Reached XP level 4. HP: 40/40 MP: 3/3
  1472 | D:2      | Reached skill level 5 in Axes
  1608 | D:2      | Found a stormy altar of Qazlal.
  1608 | D:2      | Identified the +7 short sword "Dekhopsu" {venom, rC+
                  | Stlth+}
  1913 | D:3      | Reached *** piety under Trog
  2039 | D:3      | Found a blossoming altar of Fedhas.
  2257 | D:3      | You fall into a shaft and drop 3 floors!
  2267 | D:6      | Reached XP level 5. HP: 47/47 MP: 4/4
  2280 | D:6      | Noticed a vampire
  2285 | D:6      | Killed a vampire
  2286 | D:6      | Reached XP level 6. HP: 55/55 MP: 5/5
  2336 | D:5      | Entered Level 5 of the Dungeon
  2353 | D:5      | Reached skill level 6 in Axes
  2373 | D:5      | Reached skill level 5 in Fighting
  2784 | D:3      | Reached XP level 7. HP: 61/61 MP: 6/6
  2878 | D:3      | Found a large runed translucent door.
  2879 | D:3      | Found a large runed translucent door.
  2900 | D:3      | Found a sacrificial altar of Ru.
  2911 | D:3      | Found a sparkling altar of Nemelex Xobeh.
  2983 | D:3      | Found a basalt altar of Yredelemnul.
  3352 | D:4      | Reached **** piety under Trog
  3699 | D:5      | Found a staircase to the Ecumenical Temple.
  3821 | D:5      | Reached skill level 7 in Axes
  3821 | D:5      | Reached skill level 1 in Ranged Weapons
  4390 | D:5      | Found a shimmering altar of Xom.
  4601 | D:6      | Noticed a wraith
  5118 | D:6      | Noticed Frost42's ghost (novice MiGl)
  5124 | D:6      | Found a runed translucent gate.
  5124 | D:6      | Found a runed translucent gate.
  5124 | D:6      | Found a runed translucent gate.
  5137 | D:6      | Noticed Eustachio
  5153 | D:6      | Killed Eustachio
  5154 | D:6      | Reached skill level 8 in Axes
  5154 | D:6      | Reached XP level 8. HP: 70/70 MP: 7/7
  5313 | D:6      | Noticed Duvessa
  5313 | D:6      | Noticed Dowan
  5319 | D:6      | Killed Dowan
  5320 | D:6      | Reached skill level 5 in Ranged Weapons
  5324 | D:6      | Killed Duvessa
  5325 | D:6      | Reached skill level 9 in Axes
  5427 | D:6      | Noticed Prince Ribbit
  5434 | D:6      | Killed Prince Ribbit
  5548 | D:6      | Reached XP level 9. HP: 69/79 MP: 8/8
  5635 | D:6      | Found a glowing golden altar of the Shining One.
  5806 | D:7      | Reached skill level 10 in Axes
  6719 | D:6      | Found a hide-covered altar of Uskayaw.
  6719 | D:6      | Found a shimmering blue altar of Sif Muna.
  6820 | D:7      | Found a runed translucent door.
  6821 | D:7      | Noticed Crazy Yiuf
  6998 | D:7      | Reached skill level 11 in Axes
  7141 | D:8      | Found a flagged portal.
  7148 | Bailey   | Entered a bailey
  7830 | Bailey   | Noticed an orc knight
  7844 | Bailey   | Killed an orc knight
  7845 | Bailey   | Reached XP level 10. HP: 11/90 MP: 9/9
  8120 | Bailey   | Found a bloodstained altar of Trog.
  8147 | Bailey   | Identified the +1 triple sword of Upheaval {spect, rF+ rC+
                  | rN+ Str+4}
  8224 | D:8      | Found a transporter.
  8228 | D:8      | Found a transporter.
  8228 | D:8      | Noticed a centaur warrior
  8228 | D:8      | Noticed billz9's ghost (novice GrEE)
  8370 | D:8      | Noticed a deep elf pyromancer
  8448 | D:8      | Reached skill level 12 in Axes
  8736 | D:8      | Reached skill level 10 in Ranged Weapons
  8959 | D:8      | Reached skill level 13 in Axes
  8976 | D:8      | Reached XP level 11. HP: 38/99 MP: 10/10
  9224 | D:8      | Found a staircase to the Lair.
 10063 | D:9      | Noticed a centaur warrior
 10068 | D:9      | Killed a centaur warrior
 10069 | D:9      | Reached skill level 10 in Fighting
 10977 | D:10     | Entered Level 10 of the Dungeon
 11045 | D:10     | Noticed a two-headed ogre
 11054 | D:10     | Killed a two-headed ogre
 11227 | D:10     | Identified the +0 cloak of Sorcery {Regen+ Dex+3 Slay+3}
 11465 | D:10     | Reached skill level 14 in Axes
 12038 | Lair:1   | Entered Level 1 of the Lair of Beasts
 12117 | Lair:1   | Reached skill level 5 in Armour
 12126 | Lair:1   | Reached skill level 1 in Evocations
 12702 | Lair:1   | Reached XP level 12. HP: 106/108 MP: 11/11
 12917 | Lair:1   | Noticed Amaemon
 12927 | Lair:1   | Killed Amaemon
 12928 | Lair:1   | Reached skill level 5 in Stealth
 13463 | Lair:2   | Noticed a catoblepas
 13508 | Lair:2   | Killed a catoblepas
 13662 | Lair:2   | Found a runed translucent gate.
 13691 | Lair:2   | Found a runed translucent gate.
 13692 | Lair:2   | Found a runed translucent gate.
 13693 | Lair:2   | Noticed Starbright's ghost (journeyman OpCj)
 13693 | Lair:2   | Noticed Zonian's ghost (journeyman TrFi)
 14394 | Lair:3   | Noticed Nessos
 14404 | Lair:3   | Killed Nessos
 14440 | Lair:3   | Reached skill level 5 in Dodging
 14879 | Lair:3   | Found a hole to the Spider Nest.
 15023 | Lair:3   | Found a staircase to the Shoals.
 15214 | Lair:3   | Noticed a death yak
 15605 | Lair:3   | Noticed a death yak
 15608 | Lair:3   | Noticed a death yak
 15609 | Lair:3   | Noticed a death yak
 15654 | Lair:2   | Killed a death yak
 15655 | Lair:2   | Reached XP level 13. HP: 117/117 MP: 12/12
 16452 | Lair:4   | Found a gate leading to a gauntlet.
 16508 | Gauntlet | Entered a Gauntlet
 16508 | Gauntlet | Found a transporter.
 16515 | Gauntlet | Found a transporter.
 16517 | Gauntlet | Found a transporter.
 16566 | Gauntlet | Found a transporter.
 16590 | Gauntlet | Found a transporter.
 16590 | Gauntlet | Found a transporter.
 16590 | Gauntlet | Found a transporter.
 16599 | Gauntlet | Noticed a blizzard demon
 16616 | Gauntlet | Found a transporter.
 16616 | Gauntlet | Found a transporter.
 16631 | Gauntlet | Killed a blizzard demon
 16682 | Gauntlet | Identified the +6 war axe of Disharmony {flame, rN+ Str+3
                  | Int+3 Dex+3}
 16682 | Gauntlet | Identified the ring of the Queen {rPois rC++ Will- rCorr
                  | Str+6}
 16682 | Gauntlet | Noticed a minotaur
 16686 | Gauntlet | Killed a minotaur
 16739 | Gauntlet | Identified the ring of the Salmon {rN+ rCorr MP+9 Dex+3}
 16742 | Gauntlet | Identified the +0 robe of Zicletwo {rPois}
 16742 | Gauntlet | Identified the +9 short sword "Cyobbu" {drain, Int+3}
 17076 | Lair:4   | Found a runed translucent door.
 17077 | Lair:4   | Found a staircase to the Slime Pits.
 17638 | Lair:5   | Entered Level 5 of the Lair of Beasts
 17752 | Lair:5   | Reached skill level 5 in Evocations
 17758 | Lair:5   | Reached skill level 15 in Ranged Weapons
 17758 | Lair:5   | Reached XP level 14. HP: 127/127 MP: 13/13
 17775 | Lair:4   | Noticed Sonja
 17780 | Lair:4   | Killed Sonja
 17883 | Lair:5   | Found a dark tunnel.
 17896 | Volcano  | Entered a volcano
 18172 | Volcano  | Reached skill level 10 in Armour
 18633 | Lair:5   | Gained mutation: Armour fits poorly on your strangely
                  | shaped body. [potion of mutation]
 18633 | Lair:5   | Gained mutation: Your mind is acute. (Int +4, Str/Dex -1)
                  | [potion of mutation]
 18633 | Lair:5   | Gained mutation: You have sharp fingernails. [potion of
                  | mutation]
 18634 | Lair:5   | Lost mutation: You have sharp fingernails. [potion of
                  | mutation]
 18634 | Lair:5   | Lost mutation: Armour fits poorly on your strangely shaped
                  | body. [potion of mutation]
 18634 | Lair:5   | Gained mutation: Potions are less effective at restoring
                  | your health. [potion of mutation]
 18634 | Lair:5   | Gained mutation: You are strong-willed. (Will+) [potion of
                  | mutation]
 18635 | Lair:5   | Lost mutation: Your mind is acute. (Int +4, Str/Dex -1)
                  | [potion of mutation]
 18635 | Lair:5   | Lost mutation: You are strong-willed. (Will+) [potion of
                  | mutation]
 18635 | Lair:5   | Lost mutation: Potions are less effective at restoring your
                  | health. [potion of mutation]
 18635 | Lair:5   | Gained mutation: You are clumsy. (Dex -2) [potion of
                  | mutation]
 18635 | Lair:5   | Gained mutation: You have hidden genetic potential. [potion
                  | of mutation]
 18635 | Lair:5   | Lost mutation: You are clumsy. (Dex -2) [potion of
                  | mutation]
 18635 | Lair:5   | Gained mutation: Your muscles are strong. (Str +4, Int/Dex
                  | -1) [potion of mutation]
 20160 | Lair:5   | Reached XP level 15. HP: 131/134 MP: 14/14
 20270 | Lair:5   | Found a corrupted altar of Lugonu.
 20270 | Lair:5   | Found a one-way gate to the infinite horrors of the Abyss.
 21020 | D:11     | Reached ***** piety under Trog
 21287 | D:11     | Found Yloun's Assorted Antiques.
 21293 | D:11     | Bought a puce potion for 27 gold pieces
 21471 | D:12     | Found Tiluss's Tremendous Tomes.
 22827 | D:12     | Found a staircase to the Orcish Mines.
 22932 | D:12     | Noticed Jorgrun
 22941 | D:12     | Killed Jorgrun
 23450 | Orc:1    | Entered Level 1 of the Orcish Mines
 23770 | Orc:2    | Entered Level 2 of the Orcish Mines
 25222 | Orc:2    | Found a staircase to the Elven Halls.
 26369 | Orc:2    | Found Wudvipp's Whimsical Warehouse.
 26406 | Orc:1    | Noticed Harold
 26414 | Orc:2    | Killed Harold
 26532 | Orc:1    | Noticed Fannar
 26544 | Orc:1    | Killed Fannar
 30510 | Orc:2    | Found Ticzeria's Magic Scroll Boutique.
 30741 | Orc:2    | Found Tothriad's General Store.
 30747 | Orc:2    | Bought a scroll of identify for 28 gold pieces
 30747 | Orc:2    | Bought a scroll of identify for 28 gold pieces
 30747 | Orc:2    | Bought a scroll of blinking for 105 gold pieces
 30747 | Orc:2    | Bought a scroll of enchant armour for 105 gold pieces
 30751 | Orc:2    | Bought a potion of enlightenment for 60 gold pieces
 30751 | Orc:2    | Bought a scroll of identify for 24 gold pieces
 31619 | Orc:2    | Gained mutation: You have great hidden genetic potential.
                  | [hidden potential]
 31687 | Orc:2    | Found Rowot's Antique Weapon Shoppe.
 31687 | Orc:2    | Found Wocwecs's Jewellery Emporium.
 31688 | Orc:2    | Found a one-way gate leading to the halls of Pandemonium.
 31692 | Orc:2    | Bought an amulet of reflection for 420 gold pieces
 31983 | D:13     | Noticed Frances
 31995 | D:13     | Killed Frances
 32129 | D:13     | Found a stormy altar of Qazlal.
 32147 | D:13     | Noticed Snorg
 32386 | D:14     | Noticed Lodul
 32468 | D:14     | Killed Lodul
 32468 | D:14     | Received a gift from Trog
 32596 | D:14     | Reached XP level 16. HP: 146/146 MP: 15/15
 32931 | D:14     | Identified the ring "Ludyax" {Contam rElec MP+9 Dex+5
                  | Stlth+}
 33024 | D:14     | Found a gate to the Vaults.
 33061 | D:15     | Entered Level 15 of the Dungeon
 33402 | D:15     | Noticed Agnes
 33418 | D:15     | Killed Agnes
 34126 | D:15     | Paralysed by an orc sorcerer for 4 turns
 34157 | D:15     | Found a staircase to the Depths.
 34167 | D:15     | Reached skill level 15 in Axes
 34447 | Elf:1    | Entered Level 1 of the Elven Halls
 34553 | Elf:1    | Found a frozen archway.
 34564 | IceCv    | Entered an ice cave
 35214 | Elf:1    | Reached skill level 15 in Fighting
 35219 | Elf:1    | Gained mutation: You are strong-willed. (Will+) [hidden
                  | potential]
 35219 | Elf:1    | Lost mutation: You have great hidden genetic potential.
                  | [hidden potential expressed]
 35252 | Elf:1    | Found Usa Xass's CLEARANCE SALE!.
 35255 | Elf:1    | Bought a wand of paralysis (6) for 86 gold pieces
 35255 | Elf:1    | Bought a scroll of immolation for 24 gold pieces
 35255 | Elf:1    | Bought a potion of curing for 18 gold pieces
 35334 | Elf:1    | Reached skill level 16 in Axes
 36035 | Elf:1    | HP: 5/149 [deep elf zephyrmancer/bolt of lightning (19)]
 36510 | Elf:2    | Identified the +5 great sword "Raeniruv" {flame, rElec rC+
                  | Will+} (Trog gifted it to you on level 2 of the Elven
                  | Halls)
 36510 | Elf:2    | Received a gift from Trog
 36513 | Elf:2    | Reached skill level 17 in Axes
 37144 | Elf:2    | Reached XP level 17. HP: 158/158 MP: 16/16
 37349 | Elf:2    | Noticed Roxanne
 37356 | Elf:2    | Killed Roxanne
 37692 | Elf:2    | Found a runed translucent gate.
 37693 | Elf:2    | Found a runed translucent gate.
 37693 | Elf:2    | Found a runed translucent gate.
 37844 | Elf:3    | Entered Level 3 of the Elven Halls
 38832 | Elf:3    | Reached skill level 18 in Axes
 39251 | Elf:3    | Received a gift from Trog
 41096 | Elf:3    | Identified the +4 morningstar "Xaitoece" {venom, rF+ rN+}
 41657 | Elf:3    | Noticed a Hell Sentinel
 43412 | Elf:3    | Noticed an Ice Fiend
 43414 | Elf:3    | Reached skill level 19 in Axes
 44177 | Elf:3    | Gained mutation: Your spells are a little harder to cast,
                  | but a little more powerful. [hidden potential]
 44527 | Elf:3    | Identified the +3 war axe "Isaeman" {freeze, Dex+3}
 45849 | Elf:3    | Identified the +6 battleaxe "Lacertilian's Doom" {freeze,
                  | Int+4}
 45849 | Elf:3    | Identified the +1 leather armour "Caebiud" {rF+ Will+}
 45849 | Elf:3    | Identified the ring of Offoloq {rF+ rCorr Str+3 Int-4 SInv}
 47663 | Elf:3    | Noticed a deep elf blademaster
 47663 | Elf:3    | Noticed a deep elf blademaster
 47678 | Elf:3    | Killed a deep elf blademaster
 47834 | Elf:3    | Identified the +3 ring mail of Nitel {rN+ SInv}
 47839 | Elf:3    | Noticed a deep elf blademaster
 47848 | Elf:3    | Killed a deep elf blademaster
 47853 | Elf:3    | Killed a deep elf blademaster
 47986 | Elf:3    | Noticed a deep elf master archer
 48012 | Elf:3    | Killed a deep elf master archer
 48932 | Elf:3    | Identified the staff of cold "Goimear" {rElec rF+ rC+
                  | Stlth+}
 48944 | Elf:3    | Identified the staff of conjuration "Cusuc" {rElec rPois
                  | Str-5}
 49580 | Shoals:1 | Entered Level 1 of the Shoals
 49585 | Shoals:1 | Reached skill level 20 in Axes
 49715 | Shoals:1 | Found Qeoxzen's Antique Armour Boutique.
 49837 | Shoals:1 | Noticed a kraken
 49843 | Shoals:1 | Killed a kraken
 51427 | Shoals:2 | Reached XP level 18. HP: 138/171 MP: 17/17
 51489 | Shoals:3 | Reached skill level 1 in Throwing
 53133 | Shoals:3 | Reached skill level 21 in Axes
 53291 | Shoals:4 | Entered Level 4 of the Shoals
 54711 | Shoals:4 | Gained mutation: You are highly strong-willed. (Will++)
                  | [hidden potential]
 54711 | Shoals:4 | Lost mutation: You have hidden genetic potential. [hidden
                  | potential expressed]
 54752 | Shoals:4 | Paralysed by an air elemental for 1 turns
 54755 | Shoals:4 | Paralysed by an air elemental for 1 turns
 54895 | Shoals:4 | Received a gift from Trog
 55092 | Shoals:4 | Identified the +5 chain mail of Insatiable Hunger {*Corrode
                  | Fly rN++ Regen+}
 55147 | Shoals:4 | Noticed Kirke
 55291 | Shoals:4 | Noticed Mlioglotl
 55296 | Shoals:4 | Killed Mlioglotl
 56375 | Shoals:4 | Paralysed by an air elemental for 1 turns
 58721 | Shoals:4 | Got a barnacled rune of Zot
 58926 | Shoals:4 | Found a shadowy altar of Dithmenos.
 58953 | Shoals:4 | Identified the +3 whip of Ceytafuh {freeze, Str+2}
 59081 | Shoals:4 | Killed Kirke
 59369 | Spider:1 | Entered Level 1 of the Spider Nest
 60065 | Spider:1 | Lost mutation: You are highly strong-willed. (Will++)
                  | [potion of mutation]
 60065 | Spider:1 | Lost mutation: You are strong-willed. (Will+) [potion of
                  | mutation]
 60065 | Spider:1 | Lost mutation: Your spells are a little harder to cast, but
                  | a little more powerful. [potion of mutation]
 60065 | Spider:1 | Gained mutation: Your system is resistant to poisons.
                  | (rPois) [potion of mutation]
 60065 | Spider:1 | Gained mutation: You have an increased reservoir of magic.
                  | (+10% MP) [potion of mutation]
 60066 | Spider:1 | Lost mutation: Your system is resistant to poisons. (rPois)
                  | [potion of mutation]
 60066 | Spider:1 | Lost mutation: Your muscles are strong. (Str +4, Int/Dex
                  | -1) [potion of mutation]
 60066 | Spider:1 | Gained mutation: You expend magic power (3 MP) to
                  | strengthen your wands. [potion of mutation]
 60066 | Spider:1 | Gained mutation: You have hidden genetic potential. [potion
                  | of mutation]
 60067 | Spider:1 | Lost mutation: You have an increased reservoir of magic.
                  | (+10% MP) [potion of mutation]
 60067 | Spider:1 | Lost mutation: You expend magic power (3 MP) to strengthen
                  | your wands. [potion of mutation]
 60068 | Spider:1 | Lost mutation: You have hidden genetic potential. [potion
                  | of mutation]
 60068 | Spider:1 | Gained mutation: You are robust. (+10% HP) [potion of
                  | mutation]
 60068 | Spider:1 | Gained mutation: You are partially covered in iridescent
                  | scales. (AC +2) [potion of mutation]
 60430 | Spider:1 | Received a gift from Trog
 60674 | Spider:1 | Reached skill level 22 in Axes
 60683 | Spider:1 | Reached skill level 5 in Throwing
 60700 | Spider:1 | Reached XP level 19. HP: 127/199 MP: 18/18
 62033 | Spider:2 | Noticed Azrael
 62040 | Spider:2 | Killed Azrael
 62402 | Spider:2 | Identified the +1 dagger "Dragonbane" {flame, rElec rC+
                  | Int-2}
 62404 | Spider:2 | Noticed Louise
 62416 | Spider:2 | Killed Louise
 62479 | Spider:2 | Found a runed translucent door.
 62856 | Spider:2 | Identified a scroll of acquirement
 62857 | Spider:2 | Acquired a manual of Throwing
 66230 | Spider:3 | Received a gift from Trog
 66737 | Spider:4 | Entered Level 4 of the Spider Nest
 68277 | Spider:4 | Noticed Asterion
 68287 | Spider:4 | Killed Asterion
 68288 | Spider:4 | Reached skill level 23 in Axes
 68297 | Spider:4 | Noticed Mara
 68387 | Spider:4 | Killed Mara
 70143 | Spider:4 | Received a gift from Trog
 70278 | Spider:4 | Reached XP level 20. HP: 175/210 MP: 14/19
 70315 | Spider:4 | Identified the +0 pair of boots of Uskayaw's Inspiration
                  | {Slay+2}
 70357 | Spider:4 | Got a gossamer rune of Zot
 71038 | D:6      | Reached skill level 10 in Evocations
 71040 | D:6      | Reached skill level 15 in Armour
 71040 | D:6      | Killed Frost42's ghost
 71050 | D:6      | Acquired 830 gold pieces
 71124 | D:7      | Killed Crazy Yiuf
 71174 | D:8      | Killed billz9's ghost
 71300 | Lair:2   | Killed Zonian's ghost
 71302 | Lair:2   | Killed Starbright's ghost
 71564 | Vaults:1 | Entered Level 1 of the Vaults
 72175 | Vaults:1 | Acquired the +13 crystal plate armour of the Dolphin
                  | {Rampage rC+ Will+ Str-5}
 72591 | Vaults:1 | Found Raceu's Magic Scroll Shoppe.
 72596 | Vaults:1 | Bought a scroll of blinking for 127 gold pieces
 72596 | Vaults:1 | Bought a scroll of magic mapping for 127 gold pieces
 72596 | Vaults:1 | Bought a scroll of blinking for 127 gold pieces
 72596 | Vaults:1 | Bought a scroll of blinking for 127 gold pieces
 72630 | Vaults:1 | Found Jezun's Antique Weapon Shop.
 72766 | Vaults:1 | Found Ontoig's Antique Armour Boutique.
 73721 | Vaults:2 | Reached skill level 10 in Throwing
 73884 | Vaults:2 | Reached skill level 24 in Axes
 74186 | Vaults:2 | Identified the +0 spear of the Enormous God {holy, rElec}
 74297 | Vaults:2 | Received a gift from Trog
 74942 | Vaults:2 | Identified the +5 shortbow "Death Rattle" {speed, rF- Str+4
                  | SInv Stlth+}
 75220 | Vaults:3 | Reached ****** piety under Trog
 75343 | Vaults:3 | Found Bigoc's Book Boutique.
 75489 | Vaults:3 | Received a gift from Trog
 75562 | Vaults:3 | Reached XP level 21. HP: 221/221 MP: 20/20
 75617 | Vaults:3 | Found Itukem's Magic Scroll Boutique.
 75633 | Vaults:3 | Bought a scroll of blinking for 105 gold pieces
 75633 | Vaults:3 | Bought a scroll of fog for 56 gold pieces
 75633 | Vaults:3 | Bought a scroll of fog for 56 gold pieces
 75633 | Vaults:3 | Bought a scroll of poison for 56 gold pieces
 75691 | Vaults:3 | Reached skill level 10 in Dodging
 75767 | Vaults:3 | Found a staircase to the Crypt.
 75783 | Crypt:1  | Entered Level 1 of the Crypt
 76015 | Crypt:1  | Noticed Hyrrirob's ghost (veteran GrEE)
 76019 | Crypt:1  | Found a runed translucent door.
 76146 | Crypt:1  | Killed Hyrrirob's ghost
 76242 | Crypt:1  | Received a gift from Trog
 77990 | Crypt:2  | Received a gift from Trog
 78118 | Crypt:1  | Found a basalt altar of Yredelemnul.
 78416 | Crypt:3  | Entered Level 3 of the Crypt
 80843 | Crypt:3  | Found a staircase to the Tomb.
 80900 | Crypt:3  | Reached skill level 10 in Stealth
 80926 | Crypt:3  | Found a basalt altar of Yredelemnul.
 81013 | Crypt:3  | Received a gift from Trog
 81125 | Crypt:3  | Noticed a profane servitor
 81125 | Crypt:3  | Noticed a profane servitor
 81131 | Crypt:3  | Killed a profane servitor
 81135 | Crypt:3  | Killed a profane servitor
 81229 | Crypt:3  | Reached XP level 22. HP: 234/234 MP: 21/21
 82319 | Tomb:1   | Entered Level 1 of the Tomb of the Ancients
 82746 | Tomb:1   | Received a gift from Trog
 83092 | Vaults:3 | Found Muvug's Jewellery Shoppe.
 83304 | D:11     | Bought a box of beasts for 1240 gold pieces
 83470 | Vaults:3 | Found Fattaun's General Store.
 83478 | Vaults:3 | Bought 2 javelins for 72 gold pieces
 83478 | Vaults:3 | Bought a potion of cancellation for 96 gold pieces
 83478 | Vaults:3 | Bought a scroll of blinking for 90 gold pieces
 83670 | Vaults:3 | Found Itivviaf's General Store.
 83678 | Vaults:3 | Bought a wand of iceblast (5) for 168 gold pieces
 83967 | Vaults:4 | Noticed Margery
 83975 | Vaults:4 | Killed Margery
 84164 | Vaults:4 | Found a transporter.
 84306 | Vaults:4 | Found Fiexat's Book Boutique.
 84306 | Vaults:4 | Noticed Frederick
 84313 | Vaults:4 | Killed Frederick
 84463 | Vaults:4 | Received a gift from Trog
 84519 | Vaults:4 | Noticed Mennas
 84537 | Vaults:4 | Killed Mennas
 84911 | Vaults:4 | Found a transporter.
 84911 | Vaults:4 | Found a runed translucent door.
 84911 | Vaults:4 | Found a bloodstained altar of Trog.
 84911 | Vaults:4 | Found the necklace of Bloodlust {Fury *Rage Will++ Int-3
                  | Slay+6}
 84943 | Vaults:4 | Identified the +2 glaive of Dishonesty {freeze, Str+5
                  | Dex-3}
 84979 | Vaults:4 | Identified the +9 plate armour "Guepn" {rF+ SInv}
 85283 | Depths:1 | Entered Level 1 of the Depths
 85346 | Depths:1 | Received a gift from Trog
 85394 | Depths:1 | Noticed Bai Suzhen
 85404 | Depths:1 | Killed Bai Suzhen
 85589 | Depths:1 | Found Ovvievud's Vocational Training.
 85597 | Depths:1 | Bought a manual of Evocations for 1280 gold pieces
 85707 | Depths:1 | Found a gateway to Hell.
 85850 | Depths:1 | Reached XP level 23. HP: 244/244 MP: 22/22
 86020 | Depths:1 | Noticed Nikola
 86029 | Depths:1 | Killed Nikola
 86125 | Depths:1 | Reached skill level 15 in Throwing
 86867 | Depths:2 | Received a gift from Trog
 87052 | Depths:2 | Noticed Saint Roka
 87094 | Depths:2 | Killed Saint Roka
 87442 | Depths:2 | You fall into a shaft and drop 1 floor!
 87935 | Depths:2 | Received a gift from Trog
 88029 | Depths:2 | Found a burning altar of Makhleb.
 88042 | Depths:2 | Found a glowing golden altar of the Shining One.
 89187 | Depths:3 | Found a blossoming altar of Fedhas.
 89620 | Depths:3 | Noticed an ancient lich
 89631 | Depths:3 | Killed an ancient lich
 89733 | Depths:3 | Received a gift from Trog
 89943 | Depths:3 | Identified the +7 quarterstaff of Anxiety {freeze, rElec
                  | Int+2}
 90265 | Depths:4 | Entered Level 4 of the Depths
 90337 | Depths:4 | Found a gate to the Realm of Zot.
 90337 | Depths:4 | Found a transporter.
 90449 | Depths:4 | Found a transporter.
 90459 | Depths:4 | Noticed a caustic shrike
 90482 | Depths:4 | Reached XP level 24. HP: 235/256 MP: 22/22
 90520 | Depths:4 | Found a one-way gateway to a ziggurat.
 90564 | Depths:4 | Identified the +2 plate armour of the Barnacle {rC+ Str+3
                  | Dex+2}
 90649 | Depths:4 | Identified the ring "Nuakethru" {rN+ SInv Stlth+}
 90688 | Depths:4 | Noticed a juggernaut
 90690 | Depths:4 | Noticed Sojobo
 90693 | Depths:4 | Killed a juggernaut
 90705 | Depths:4 | Killed Sojobo
 90752 | Depths:4 | Identified the ring of Lomnava {rN+ Will+ Str+6 Int-2}
 90768 | Depths:4 | Found Ymaxiqy's Magic Scroll Boutique.
 90776 | Depths:4 | Reached skill level 25 in Axes
 90824 | Depths:4 | Bought a scroll of magic mapping for 112 gold pieces
 90824 | Depths:4 | Bought a scroll of enchant weapon for 112 gold pieces
 90885 | Depths:4 | Identified the ring of Ceimag {Wiz Fly rN+}
 90955 | Depths:4 | Received a gift from Trog
 90992 | Depths:4 | Identified the ring of the Duke {Ice rCorr Int+6 Dex-2}
 91282 | Depths:4 | Identified the +2 arbalest of Threshing Evisceration {elec,
                  | Str-2 Int+4}
 91483 | Depths:4 | Found Qeorizua's Jewellery Shop.
 91537 | Zig:1    | Entered Level 1 of a ziggurat
 91560 | Zig:2    | Entered Level 2 of a ziggurat
 91654 | Zig:3    | Entered Level 3 of a ziggurat
 91687 | Zig:4    | Entered Level 4 of a ziggurat
 91703 | Zig:4    | Received a gift from Trog
 91775 | Zig:5    | Entered Level 5 of a ziggurat
 91934 | Zig:6    | Entered Level 6 of a ziggurat
 92105 | Zig:6    | Identified the +4 leather armour "Suzoti" {Harm Dex+3}
 92119 | Zig:6    | Identified the +5 plate armour "Waddaep" {-Tele rElec
                  | rPois}
 92123 | Zig:7    | Entered Level 7 of a ziggurat
 92142 | Zig:7    | Reached skill level 15 in Evocations
 92257 | Zig:7    | Identified the +11 flail "Faahefic" {drain, rC+ rN+ Str+3}
 92258 | Zig:7    | Identified the staff of poison "Pitosiam" {Fragile rPois
                  | MP+9 SInv}
 92276 | Zig:8    | Entered Level 8 of a ziggurat
 92338 | Zig:8    | Found the +11 Singing Sword {sonic wave}
 92345 | Zig:8    | Identified the +0 pair of boots of the Game of Kings {Harm
                  | Rampage rElec rF-}
 92352 | Zig:8    | Identified the +3 chain mail "Plog" {Int+2}
 92358 | Zig:9    | Entered Level 9 of a ziggurat
 92444 | Zig:9    | Identified the +1 pair of boots of Light {Str+4 Int+4}
 92458 | Zig:9    | Identified the +5 orcbow of the Wasp {heavy, Will+}
 92464 | Zig:9    | Identified the staff of death "Ninuodew" {Fly rN+ Str+3
                  | Dex-4 SInv}
 92469 | Zig:9    | Identified the staff of poison "Mot Evvovipn" {rPois Str+3
                  | Int-2 Dex+3 Stlth+}
 92473 | Zig:10   | Entered Level 10 of a ziggurat
 92478 | Zig:10   | Noticed Jeoklipt the pandemonium lord
 92478 | Zig:10   | Noticed a Killer Klown
 92478 | Zig:10   | Noticed Ukkih the pandemonium lord
 92479 | Zig:10   | Noticed a Killer Klown
 92479 | Zig:10   | Noticed Cotzo the pandemonium lord
 92496 | Zig:10   | Killed Ukkih the pandemonium lord
 92496 | Zig:10   | Killed a Killer Klown
 92498 | Zig:10   | Killed Jeoklipt the pandemonium lord
 92501 | Zig:10   | Killed Cotzo the pandemonium lord
 92509 | Zig:10   | Killed a Killer Klown
 92587 | Zig:10   | Identified the +1 chain mail of Bedazzled Creativity
                  | {Rampage}
 92590 | Zig:10   | Identified the +0 leather armour "Coxehuot" {rPois}
 92599 | Zig:10   | Identified the +5 hand axe of Garuotel {holy, Dex+6}
 92626 | Hell     | Entered the Vestibule of Hell
 92626 | Hell     | Noticed Geryon
 92641 | Depths:4 | Reached XP level 25. HP: 156/267 MP: 22/22
 93126 | Hell     | Killed Geryon
 93507 | Hell     | Found a gateway to the freezing wastes of Cocytus.
 93615 | Hell     | Found a gateway to the decaying netherworld of Tartarus.
 94148 | Hell     | Found a gateway to the ashen valley of Gehenna.
 94243 | Hell     | Found a gateway to the Iron City of Dis.
 94727 | Vaults:5 | Entered Level 5 of the Vaults
 94730 | Vaults:5 | Received a gift from Trog
 94732 | Vaults:5 | Reached skill level 15 in Dodging
 95022 | Vaults:5 | Found Ukellivyn's Jewellery Shop.
 95022 | Vaults:5 | Noticed an ancient lich
 95025 | Vaults:5 | Killed an ancient lich
 95030 | Vaults:5 | Reached skill level 26 in Axes
 95080 | Vaults:5 | Received a gift from Trog
 95095 | Vaults:5 | Identified the +1 scimitar of Domination {flame, +Blink
                  | Will- Int+3 Stlth+}
 95185 | Vaults:5 | Got a silver rune of Zot
 95210 | Vaults:5 | Identified the staff of cold "Kapsolui" {rC+ Dex+2}
 95250 | Vaults:5 | Identified the +2 morningstar "Huvolafink" {antimagic,
                  | *Noise rF++ Dex+3 SInv}
 95445 | Vaults:5 | Received a gift from Trog
 95532 | Vaults:5 | Found Korig's Distillery.
 95536 | Vaults:5 | Bought a potion of heal wounds for 75 gold pieces
 95536 | Vaults:5 | Bought a potion of heal wounds for 75 gold pieces
 95536 | Vaults:5 | Bought a potion of haste for 150 gold pieces
 95536 | Vaults:5 | Bought 2 potions of curing for 90 gold pieces
 96655 | Zot:1    | Entered Level 1 of the Realm of Zot
 96850 | Zot:1    | Reached XP level 26. HP: 216/279 MP: 22/22
 96982 | Zot:1    | Noticed an orb of fire
 96984 | Zot:1    | Found a transporter.
 96991 | Zot:1    | Gained mutation: You expend magic power (3 MP) to
                  | strengthen your wands. [an orb of fire]
 96992 | Zot:1    | Killed an orb of fire
 97101 | Depths:4 | Lost mutation: You are robust. (+10% HP) [potion of
                  | mutation]
 97101 | Depths:4 | Lost mutation: You expend magic power (3 MP) to strengthen
                  | your wands. [potion of mutation]
 97101 | Depths:4 | Gained mutation: You are somewhat resistant to further
                  | mutation. [potion of mutation]
 97101 | Depths:4 | Gained mutation: Your spells are a little easier to cast,
                  | but a little less powerful. [potion of mutation]
 97101 | Depths:4 | Gained mutation: Your body sometimes deteriorates upon
                  | taking damage. [potion of mutation]
 97101 | Depths:4 | Lost mutation: Your spells are a little easier to cast, but
                  | a little less powerful. [potion of mutation]
 97278 | Zot:1    | Noticed an orb of fire
 97312 | Zot:1    | You fall into a shaft and drop 1 floor!
 97352 | Zot:1    | Received a gift from Trog
 97368 | Zot:1    | Identified the +1 leather armour of Happiness {Harm rF++
                  | Will-}
 97463 | Zot:1    | Noticed Kawoqao's ghost (legendary MiBe)
 97480 | Zot:1    | Found a transporter.
 97540 | Zot:1    | Found a transporter.
 97557 | Zot:1    | Found a transporter.
 97571 | Zot:1    | Found a transporter.
 97628 | Zot:1    | Found a transporter.
 98548 | Zot:2    | Upgraded the game from 0.31-a0-145-g046c7d2549 to
                  | 0.31-a0-149-g3fdcc5976a
 99552 | Zot:2    | Received a gift from Trog
100019 | Zot:3    | Reached skill level 27 in Axes
101514 | Zot:3    | Identified the staff of fire "Taneonn" {rElec rF+}
104398 | Zot:4    | Noticed an orb of fire
104407 | Zot:4    | Killed an orb of fire
104625 | Zot:4    | Reached XP level 27. HP: 246/264 MP: 22/22
104902 | Zot:5    | Entered Level 5 of the Realm of Zot
104905 | Zot:5    | Found a transporter.
104915 | Zot:5    | Found a transporter.
104921 | Zot:5    | Found a transporter.
104923 | Zot:5    | Found a transporter.
105853 | Zot:5    | Reached skill level 15 in Stealth
106813 | Zot:5    | Noticed an orb of fire
106821 | Zot:5    | Noticed an orb of fire
106821 | Zot:5    | Gained mutation: You occasionally shout uncontrollably at
                  | your foes. [an orb of fire]
106823 | Zot:5    | Gained mutation: Your body often deteriorates upon taking
                  | damage. [an orb of fire]
106825 | Zot:5    | Killed an orb of fire
106826 | Zot:5    | Noticed an orb of fire
106828 | Zot:5    | Killed an orb of fire
106842 | Zot:5    | Killed an orb of fire
106950 | Zot:5    | Noticed an orb of fire
106953 | Zot:5    | Gained mutation: Armour fits poorly on your strangely
                  | shaped body. [an orb of fire]
106959 | Zot:5    | Killed an orb of fire
107499 | Zot:5    | Noticed an orb of fire
107514 | Zot:5    | Killed an orb of fire
107666 | Zot:5    | Noticed an ancient lich
107672 | Zot:5    | Killed an ancient lich
109637 | Zot:5    | Identified the ring "Idoruomu" {rCorr Int+3}
109725 | Zot:5    | Noticed an orb of fire
109730 | Zot:5    | Noticed an orb of fire
109730 | Zot:5    | Noticed an orb of fire
109731 | Zot:5    | Noticed an orb of fire
109731 | Zot:5    | Noticed an orb of fire
109732 | Zot:5    | Got the Orb of Zot
109738 | Zot:5    | Killed an orb of fire
109741 | Zot:5    | Killed an orb of fire
109838 | Zot:1    | Noticed Ozateh Xium the pandemonium lord
109906 | Depths:1 | Noticed Joeceeh the pandemonium lord
109914 | Depths:1 | Killed Joeceeh the pandemonium lord
110233 | D:2      | Noticed a seraph
110267 | D:$      | Escaped with the Orb!

Illustrated notes

Levels and vault maps discovered:
D:1:      erik_arrival_triangle_huge, layout_basic, nrook_uturn,
          serial_bayou_lagoon_a, lexackson_kobold_supper
D:2:      layout_basic, basic_altar, minmay_misc_feat_secret_circle, uniq_robin
D:3:      layout_loops_ring, yredelemnul_forgotten_temple_becter,
          jmf_multi_god_temple2, lemuel_crystal_altar
D:4:      layout_rooms
D:5:      layout_basic, xom_teletrap_fun, minmay_temple_entry_tees,
          kennysheep_nub
D:6:      layout_gridville, nicolae_overflow_hidden_temple,
          gammafunk_ghost_split, uniq_prince_ribbit1, uniq_duvessa,
          uniq_eustachio
D:7:      layout_basic, corexii_leaking_fountain, uniq_crazy_yiuf_cottage
D:8:      layout_rooms, minmay_lair_entry_grove, gammafunk_ghost_arena,
          enter_bailey_7
D:9:      layout_basic, grunt_ogre_cave
D:10:     layout_basic, kennysheep_generic_room_6
D:11:     layout_big_octagon, serial_shops, shop
D:12:     layout_loops_ring, erik_orc_1, nicolae_shop_i_like_big_books,
          item_on_display_a, uniq_jorgrun
D:13:     layout_cave_pools, grunt_qazlal_clouds, uniq_frances, uniq_snorg
D:14:     layout_long_grid, david_vaults_4, kennysheep_flooded_box, uniq_lodul
D:15:     grunt_enter_depths_magical_seal, layout_basic,
          minmay_misc_feat_four_crosses, uniq_agnes
Lair:1:   layout_loops_ring, grunt_megastairs_1, uniq_amaemon
Lair:2:   layout_regular_city, gammafunk_ghost_cemetery, serial_bayou_lagoon_b
Lair:3:   layout_misc_corridors, nicolae_shoals_entry_roost,
          spider_nest_entry_webs, uniq_nessos
Lair:4:   layout_gridlike, slime_entry_2, gauntlet_entry_generic,
          kennysheep_catoblepas_arena, uniq_sonja
Lair:5:   hellmonk_lair_end_abyssal_woods, layout_gridlike,
          nicolae_volcano_entry_lava_flow, grunt_megastairs_3
Shoals:1: layout_shoals, serial_shops, nicolae_shop_dealshenge,
          nicolae_shoals_circle_sea_wall
Shoals:2: layout_shoals
Shoals:3: layout_shoals, st_shoals_ruin
Shoals:4: shoals_end_hellmonk_storm_palace [storm_palace_center_ruins,
          storm_palace_corner_blocked, storm_palace_corner_narrow,
          storm_palace_corner_altar, storm_palace_corner_narrow], serial_shops,
          uniq_mlioglotl, uniq_kirke
Spider:1: layout_cave_pods, drop_trap, hellmonk_narrow_tunnel
Spider:2: cheibrodos_spider_deadly_dance, uniq_azrael, uniq_louise
Spider:3: layout_spider_delve, worms_lemuel
Spider:4: spider_rune_water, nicolae_spider_solar_radiation, uniq_mara,
          uniq_asterion
Orc:1:    layout_caves, uniq_fannar, uniq_harold
Orc:2:    pf_orc_diabolical, layout_diamond_mine, basic_altar,
          nicolae_alphabet_shops, hellmonk_bongcloud_opening,
          nicolae_orc_damp_corner
Elf:1:    layout_geoelf_diagonals, portal_ice_cave_entry_pillars_three,
          kennysheep_underground_church, nicolae_shop_clearance
Elf:2:    nicolae_elf_blades_crystal_corner, layout_loops_cross,
          serial_aquarium, aquarium_bridge_long_joined
          [aquarium_subvault_balcony, aquarium_subvault_wall,
          aquarium_subvault_bridge, aquarium_subvault_window,
          aquarium_subvault_window, aquarium_subvault_balcony],
          aquarium_bridge_straight [aquarium_subvault_bridge,
          aquarium_subvault_window, aquarium_subvault_bridge,
          aquarium_subvault_balcony], aquarium_window_2, aquarium_window_1,
          aquarium_window_2, aquarium_window_1, aquarium_view_2a,
          aquarium_view_2f, aquarium_pool_double, uniq_roxanne
Elf:3:    minmay_elf_hall_statues, layout_geoelf_castle, serial_glass,
          glass_columns_c, glass_columns_b
Vaults:1: nicolae_vaults_yaktaur_gun_rack, v_alt_pattern_2,
          nicolae_vaults_theta, nicolae_vaults_little_squares_3,
          nicolae_vaults_tetromino_Z_2, ontoclasm_vaults_idyll,
          nicolae_vaults_heart-shaped_vault, nicolae_vaults_house_3,
          vaults_mumra_hex, hangedman_vaults_slice,
          ontoclasm_vaults_decontamination, layout_vaults_omnigrid,
          serial_shops, nicolae_shop_real_fake_doors, nicolae_lakefront_shop,
          shop
Vaults:2: vaults_room_glass_cross, nicolae_vaults_tangram_1, v_misc_1,
          nicolae_vaults_windows_and_doors_thing,
          nicolae_vaults_little_squares_1, nicolae_vaults_tetromino_L_2,
          dpeg_vaults_monster_row, nicolae_vaults_door_testing_chamber,
          nicolae_vaults_little_squares_2, nicolae_vaults_ring_of_whatevers,
          hangedman_vaults_maws, dpeg_vaults_monster_box,
          nicolae_vaults_apartment_2, layout_vaults_ring
Vaults:3: nicolae_vaults_variable_pillar_hall,
          nicolae_vaults_offset_grid_hallway_3, v_misc_28,
          minmay_crypt_entry_vampire_xt, nicolae_vaults_network_star,
          nicolae_vaults_little_squares_4, ontoclasm_vaults_bender,
          hangedman_vaults_maws, vaults_dpeg_doors, nicolae_vaults_asterisk,
          nicolae_vaults_surprise_closet_hard, layout_vaults_maze_snakey,
          serial_shops, nicolae_shop_behind_doors,
          nicolae_shop_just_a_little_nook, nicolae_shop_rolling_square,
          nicolae_shop_tiny_waterfront, shop
Vaults:4: v_misc_9, emtedronai_trogs_sanctum, nicolae_vaults_house_1,
          vaults_room_pools, vaults_room_stairs_pillars,
          hangedman_vaults_stagger, nicolae_vaults_storage_room_doors,
          grunt_vaults_hallway_long, nicolae_vaults_tetromino_L_2,
          layout_vaults_omnicross, serial_shops, shop, uniq_margery,
          uniq_mennas, uniq_frederick
Vaults:5: serial_shops
Crypt:1:  layout_basic, hellmonk_ghost_happy_afterlife,
          grunt_crypt_arrival_split, grunt_megastairs_5, lemuel_upstairs_altar
Crypt:2:  layout_basic
Crypt:3:  evilmike_haunted_forest
Tomb:1
Depths:1: layout_honeycomb, minmay_misc_feat_chi, lightli_too_deep,
          nicolae_shop_vocational, uniq_bai_suzhen, uniq_nikola
Depths:2: minmay_split_circle, layout_cave_pools, pf_dread_powers_of_hell,
          serial_sigils_hangedman_gut, pan_entry, nzn_life_drinkers,
          uniq_saint_roka
Depths:3: evilmike_diamond_1, layout_gridville, lemuel_crystal_altar,
          hangedman_abyss_entry_splay, hell_entry, grunt_decor_fettered,
          nicolae_triple_integral
Depths:4: hangedman_spin_cycle, hell_entry, pan_entry
Hell
Zot:1:    layout_onion_interference, nzn_ghost_randoct,
          nicolae_diode_intersection
Zot:2:    layout_gridville
Zot:3:    hangedman_zot_vaults_quadrants, layout_onion_interference
Zot:4:    layout_basic
Zot:5:    layout_basic, nicolae_transporter_circle

Skill      XL: |  1  2  3  4  5  6  7  8  9 10 11 12 13 14 15 16 17 18 19 20 21 22 23 24 25 26 27 |
---------------+----------------------------------------------------------------------------------+-----
Axes           | 4 5 6 8 9 11 13 14 17 20 22 23 24 25 26 27 | 27.0
Stealth        | 1 2 3 4 6 7 8 9 10 11 12 13 14 15 | 15.6
Fighting       | 4 5 6 7 8 9 10 11 12 14 16 17 18 19 20 21 22 23 24 25 | 25.5
Ranged Weapons | 3 6 8 10 12 13 15 17 18 19 20 21 23 | 23.1
Armour         | 3 5 7 9 10 11 12 13 14 16 18 20 22 24 | 24.0
Evocations     | 2 4 5 7 8 9 10 11 12 13 15 17 18 | 18.6
Dodging        | 3 5 6 7 8 9 11 12 13 14 15 17 18 | 18.0
Throwing       | 5 8 11 13 14 15 | 15.0

Action                     |  1- 3 |  4- 6 |  7- 9 | 10-12 | 13-15 | 16-18 | 19-21 | 22-24 | 25-27 || total
---------------------------+-------+-------+-------+-------+-------+-------+-------+-------+-------++-------
  Melee: Hand axe          |   133 |    83 |    96 |   240 |    66 |       |       |       |       ||   618
         Headbutt          |    27 |    12 |    20 |    58 |    73 |    79 |   168 |   223 |   206 ||   866
         Punch             |     1 |     1 |     2 |     2 |     5 |       |       |       |       ||    11
         Short sword       |       |    25 |       |    15 |    12 |       |       |       |       ||    52
         War axe           |       |       |       |       |   238 |    24 |       |       |       ||   262
         Executioner's axe |       |       |       |       |     2 |   379 |   649 |   767 |   639 ||  2436
         Unarmed           |       |       |       |       |       |       |       |       |     2 ||     2
   Fire: Arbalest          |       |       |   168 |   194 |   380 |   659 |   577 |   254 |   334 ||  2566
  Throw: Stone             |     2 |    11 |       |       |       |       |       |       |       ||    13
         Boomerang         |       |       |       |     7 |       |     2 |    24 |    17 |    25 ||    75
         Dart              |       |       |       |     8 |     7 |       |     5 |     2 |     3 ||    25
         Javelin           |       |       |       |       |       |     1 |       |     5 |    11 ||    17
 Invoke: Berserk           |     1 |     4 |     6 |     8 |    14 |    16 |     8 |     9 |    13 ||    79
         Trog's Hand       |       |     3 |     5 |    14 |    21 |    32 |    19 |    20 |    27 ||   141
         Brothers in Arms  |       |       |       |       |     1 |       |       |     5 |       ||     6
  Evoke: Wand              |       |       |       |     4 |     6 |    23 |    15 |     8 |     3 ||    59
         Tin of tremorston |       |       |       |       |       |       |     3 |     4 |     1 ||     8
         Phantom mirror    |       |       |       |       |       |       |     1 |       |       ||     1
         Box of beasts     |       |       |       |       |       |       |       |     1 |       ||     1
    Use: Scroll            |       |     5 |    10 |    12 |     9 |    11 |    13 |     8 |    16 ||    84
         Potion            |       |       |       |       |     8 |    14 |     1 |     4 |    15 ||    42
   Stab: Sleeping          |       |     2 |     2 |       |       |       |       |       |       ||     4
         Paralysed         |       |       |       |     4 |       |       |       |       |       ||     4
         Invisible         |       |       |       |       |       |     4 |       |     1 |       ||     5
         Held in net/web   |       |       |       |       |       |       |     1 |       |       ||     1
 Armour: Animal skin       |     4 |       |       |       |       |       |       |       |       ||     4
         Ring mail         |    28 |    30 |       |       |       |       |       |       |       ||    58
         Leather armour    |       |     6 |     4 |       |       |       |       |       |       ||    10
         Scale mail        |       |       |    47 |       |       |       |       |       |       ||    47
         Chain mail        |       |       |     4 |       |       |       |       |       |       ||     4
         Crystal plate arm |       |       |       |   469 |   376 |   771 |   874 |   791 |   760 ||  4041
         Plate armour      |       |       |       |     8 |       |       |       |       |    62 ||    70
  Dodge: Dodged            |    61 |    51 |    96 |   129 |   265 |   469 |   525 |   528 |   604 ||  2728
  Block: Other             |       |       |       |       |    13 |   225 |   120 |   201 |   161 ||   720
         Reflection        |       |       |       |       |     1 |    45 |    17 |     9 |     1 ||    73

Table legend: (Time is in decaauts)
 A = Elapsed time spent in this place.
 B = Non-inter-level travel time spent in this place.
 C = Inter-level travel time spent in this place.
 D = Time resting spent in this place.
 E = Time spent auto-exploring this place.
 F = Levels seen in this place.
 G = Mean time per level.
                   A        B        C        D        E       F      G
               +--------+--------+--------+--------+--------+-----+--------+
         Total | 113560 | 107466 |   6094 |  60715 |  27922 |  66 | 1720.6 |
       Dungeon |  18579 |  16764 |   1815 |   5614 |   7817 |  15 | 1238.6 |
          Lair |   8536 |   7910 |    626 |   3681 |   2911 |   5 | 1707.2 |
        Shoals |  10137 |   9771 |    366 |   6178 |   2127 |   4 | 2534.2 |
   Spider Nest |  11838 |  11602 |    236 |   8183 |   1986 |   4 | 2959.5 |
  Orcish Mines |   8603 |   8404 |    199 |   6830 |    575 |   2 | 4301.5 |
   Elven Halls |  15013 |  14708 |    305 |  10849 |   1562 |   3 | 5004.3 |
        Vaults |   8777 |   7595 |   1182 |   1987 |   3893 |   5 | 1755.4 |
         Crypt |   6825 |   6458 |    367 |   3380 |   1922 |   3 | 2275.0 |
          Tomb |    588 |    588 |      0 |    241 |      0 |   1 |  588.0 |
        Depths |   7850 |   7273 |    577 |   2933 |   2932 |   4 | 1962.5 |
          Hell |   1212 |   1190 |     22 |    622 |    298 |   1 | 1212.0 |
           Zot |  12400 |  12004 |    396 |   8243 |   1781 |   5 | 2480.0 |
      Ziggurat |   1124 |   1124 |      0 |    664 |     11 |  10 |  112.4 |
        Bailey |   1096 |   1096 |      0 |    864 |     65 |   1 | 1096.0 |
      Ice Cave |    258 |    258 |      0 |     85 |     17 |   1 |  258.0 |
       Volcano |    488 |    488 |      0 |    297 |      0 |   1 |  488.0 |
      Gauntlet |    229 |    229 |      0 |     57 |     21 |   1 |  229.0 |
               +--------+--------+--------+--------+--------+-----+--------+

Top non-repeatable levels by time:
   Elf:3: 11555 daAuts
   Orc:2: 7929 daAuts
Shoals:4: 5981 daAuts
   Zot:5: 4670 daAuts
Spider:4: 4104 daAuts
 Crypt:3: 4046 daAuts
Spider:3: 3811 daAuts
   Zot:3: 2945 daAuts
Spider:1: 2556 daAuts
  Lair:5: 2350 daAuts
Depths:4: 2325 daAuts
   Zot:4: 2280 daAuts
Depths:2: 2271 daAuts
    D:12: 2263 daAuts
Vaults:1: 2259 daAuts
